AoeStats
← [GDL] Maldito Pantoja

Black Forest

509978836Analyzed
4v4 RM · 2d ago on Sep 28, 2026· 49m 23s· 8 players
Game mode
Random Map
Map size
Large (8 player)
Population
200
Speed
Normal
Resources
Standard
Victory
Conquest
Starting age
Dark Age
Ending age
Imperial Age
RankedLock teamsTeams togetherTeam positionsShared explorationLock speedFull tech treeHidden civsTurbo modeCheats
Victory
Defeat
🇩🇪 Berbers · Germany
1203
+15
🇸🇰 Bohemians · Slovakia
1165
+16
🇲🇽 Saracens · Mexico
1125
+18
🇺🇸 Sicilians · United States
1105
+19
🇧🇷 Spanish · Brazil
1231
-20
🇧🇷 Japanese · Brazil
1186
-18
🇦🇷 Slavs · Argentina
1132
-15
🇦🇷 Poles · Argentina
1129
-15
Kebab do ruky
13:19 Feudal Age
17:54 Castle Age
16:43 Double-Bit Axe
23:09 Horse Collar
25:00 Loom
27:06 Heavy Plow
28:25 Wheelbarrow
29:14 Bow Saw
30:34 Chemistry
30:13 Fletching
33:27 Imperial Age
31:18 Hand Cart
32:18 Bodkin Arrow
32:23 Padded Archer Armor
32:18 Town Watch
33:32 Ballistics
34:39 Scale Mail Armor
35:24 Pikeman
36:06 Halberdier
37:16 Chain Mail Armor
37:11 Forging
38:09 Conscription
38:56 Caravan
39:33 Hussite Reforms
39:34 Wagenburg Tactics
40:50 Fervor
40:35 Herbal Medicine
41:48 Two-Man Saw
41:15 Leather Archer Armor
41:00 Bracer
41:31 Plate Mail Armor
42:29 Iron Casting
42:18 Bombard Tower
42:04 Siege Engineers
43:03 Squires
43:38 Ring Archer Armor
44:37 Houfnice
47:40 Blast Furnace
47:15 Elite Hussite Wagon
[GDL] Maldito Pantoja
1:19 Loom
19:32 Feudal Age
20:35 Double-Bit Axe
21:06 Horse Collar
24:21 Wheelbarrow
26:43 Castle Age
24:42 Gold Mining
26:57 Stone Mining
36:23 Forging
36:18 Scale Barding Armor
39:47 Imperial Age
39:20 Iron Casting
39:06 Chain Barding Armor
39:04 Hand Cart
41:08 Bloodlines
40:59 Husbandry
43:23 Blast Furnace
42:58 Plate Barding Armor
43:24 Conscription
44:00 Plate Barding Armor
49:58 Gold Shaft Mining
49:35 Bow Saw
49:26 Heavy Plow
49:48 Town Watch
Apostate of Hate
11:12 Feudal Age
10:38 Loom
16:11 Castle Age
14:51 Double-Bit Axe
29:47 Imperial Age
27:03 Town Watch
27:22 Scale Mail Armor
28:34 Wheelbarrow
28:23 Masonry
28:25 Forging
29:45 Hand Cart
30:07 First Crusade
30:42 Iron Casting
30:11 Gold Mining
30:13 Stone Mining
30:37 Bow Saw
30:09 Horse Collar
31:42 Town Patrol
31:58 Chain Mail Armor
32:27 Murder Holes
33:17 Guilds
34:09 Blast Furnace
32:34 Elite Serjeant
33:36 Conscription
33:46 Squires
33:35 Gambesons
34:18 Arson
35:52 Husbandry
36:03 Bloodlines
36:02 Hauberk
35:21 Pikeman
35:40 Cavalier
36:04 Halberdier
37:23 Light Cavalry
38:33 Caravan
43:15 Chemistry
42:22 Onager
zLIFE
0:56 Loom
12:50 Feudal Age
17:47 Castle Age
15:45 Double-Bit Axe
16:03 Fishing Lines
19:18 Gillnets
27:24 Wheelbarrow
27:32 Gold Mining
27:35 Stone Mining
28:27 Bow Saw
32:40 Imperial Age
30:26 Hand Cart
30:05 Town Watch
30:59 Horse Collar
31:57 Gold Shaft Mining
32:00 Stone Shaft Mining
31:56 Heavy Plow
32:04 Caravan
33:47 Conscription
32:48 Elite Camel Archer
33:31 Maghrebi Camels
34:24 Ballistics
35:05 Chemistry
34:19 Masonry
33:49 Treadmill Crane
34:13 Fletching
34:23 Padded Archer Armor
34:56 Fortified Wall
36:13 Bodkin Arrow
36:35 Leather Archer Armor
37:20 Bracer
37:51 Ring Archer Armor
37:27 Scale Barding Armor
38:03 Murder Holes
38:37 Town Patrol
39:13 Chain Barding Armor
47:56 Crop Rotation
JMB
7:21 Loom
12:29 Feudal Age
14:15 Wheelbarrow
13:59 Double-Bit Axe
21:15 Castle Age
20:28 Scale Mail Armor
21:21 Town Watch
22:00 Forging
22:43 Fishing Lines
23:06 Man-at-Arms
24:34 Hand Cart
24:44 Fortified Wall
25:12 Gillnets
26:19 Long Swordsman
26:45 Gambesons
29:18 Horse Collar
35:14 Imperial Age
35:27 Two-Handed Swordsman
36:30 Conscription
36:58 Chain Mail Armor
37:20 Iron Casting
36:34 Champion
38:52 Plate Mail Armor
39:51 Hoardings
41:42 Blast Furnace
41:06 Bow Saw
40:39 Elite Samurai
40:50 Crossbowman
41:35 Thumb Ring
41:28 Gold Mining
41:22 Arbalester
42:39 Kataparuto
41:49 Onager
41:57 Elite Skirmisher
43:51 Fletching
44:02 Padded Archer Armor
45:57 Bodkin Arrow
46:18 Leather Archer Armor
JuaNCaBj
0:29 Loom
19:12 Feudal Age
23:10 Castle Age
21:34 Double-Bit Axe
21:32 Horse Collar
24:02 Bow Saw
23:54 Heavy Plow
32:01 Imperial Age
31:34 Szlachta Privileges
32:15 Cavalier
33:17 Conscription
33:00 Husbandry
33:31 Bloodlines
34:52 Fletching
38:54 Forging
40:00 Scale Barding Armor
44:12 Wheelbarrow
46:18 Iron Casting
48:02 Chain Barding Armor
49:44 Blast Furnace
Alvaroski
0:27 Loom
11:39 Feudal Age
12:10 Double-Bit Axe
12:33 Horse Collar
19:30 Castle Age
18:19 Stone Mining
19:12 Gold Mining
21:02 Wheelbarrow
20:33 Heavy Plow
22:44 Bow Saw
26:45 Town Watch
27:37 Gold Shaft Mining
31:47 Imperial Age
29:38 Detinets
30:18 Fortified Wall
30:08 Fletching
30:58 Husbandry
31:09 Bloodlines
31:06 Scale Barding Armor
31:12 Forging
32:18 Chain Barding Armor
31:50 Heavy Scorpion
32:59 Conscription
34:16 Iron Casting
34:01 Capped Ram
37:05 Two-Man Saw
36:45 Plate Barding Armor
37:31 Blast Furnace
37:57 Chemistry
37:10 Elite Boyar
38:15 Siege Ram
39:38 Siege Engineers
42:37 Onager
45:16 Scale Mail Armor
45:18 Man-at-Arms
45:58 Squires
46:05 Long Swordsman
46:08 Pikeman
47:33 Caravan
47:57 Two-Handed Swordsman
49:21 Druzhina
49:37 Chain Mail Armor
Rōnin
7:52 Loom
10:28 Feudal Age
16:32 Castle Age
14:37 Double-Bit Axe
16:03 Horse Collar
16:48 Horse Collar
18:08 Bow Saw
19:44 Fishing Lines
20:35 Town Watch
21:18 Padded Archer Armor
22:44 Wheelbarrow
22:27 Heavy Plow
22:22 Gillnets
25:46 Gold Mining
25:50 Stone Mining
29:43 Imperial Age
28:17 Ballistics
28:15 Bloodlines
29:41 Leather Archer Armor
29:32 Husbandry
30:22 Hand Cart
31:05 Ring Archer Armor
32:45 Two-Man Saw
32:23 Elite Conquistador
33:31 Conscription
33:23 Fletching
33:39 Scale Barding Armor
33:45 Forging
35:07 Chemistry
34:22 Guilds
35:41 Masonry
36:08 Fortified Wall
40:22 Caravan
40:00 Light Cavalry
41:30 Chain Barding Armor
41:47 Iron Casting
41:12 Hussar
43:06 Architecture
45:33 Plate Barding Armor
45:59 Blast Furnace
45:14 Murder Holes
46:11 Bombard Tower
Connection lost

Rejoining the realm…

Still unreachable

The connection could not be restored.

Session expired

The server has moved on; the page needs a fresh start.